 Dungeon Crawl Stone Soup version bcrawl-1.19.1 (webtiles) character file.

Game seed: 18370327900220992316

7 Freyura the Magician (level 1, -1/10 HPs)
             Began as a Skeleton Wizard on Nov 24, 2019.
             Slain by a jackal (2 damage)
             ... on level 1 of the Dungeon.
             The game lasted 00:01:11 (138 turns).

Freyura the Magician (Skeleton Wizard)               Turns: 138, Time: 00:01:12

Health: -1/10      AC:  2    Str: 13      XL:     1   Next: 91%
Magic:  0/6        EV: 12    Int: 16      God:
Gold:   6          SH:  0    Dex:  6 (7)  Spells: 9/10 levels left

rFire    . . .     SeeInvis .   a - +0 staff
rCold    + . .     Gourm    .   (no shield)
rNeg     + + +     Faith    .   b - +0 robe
rPois    ∞         Spirit   +   c - +0 hat
rElec    .         Reflect  .   (no cloak)
rCorr    .         Harm     .   (no gloves)
MR       .....                  (no boots)
Stlth    ++........             (no amulet)
HPRegen  0.03/turn              (no ring)
MPRegen  0.10/turn              (no ring)

@: no status effects
A: no food or potions, cold resistance 1, deterioration 1, negative energy
resistance 3, torment resistance, unbreathing, magic shield, sturdy frame 1,
spell healing
a: no special abilities


You were on level 1 of the Dungeon.
You were not hungry.

You visited 1 branch of the dungeon, and saw 1 of its levels.

You collected 6 gold pieces.

Inventory:

Hand Weapons
 a - a +0 staff (weapon)
Armour
 b - a +0 robe (worn)
 c - a +0 hat (worn)


   Skills:
 - Level 2.0 Dodging
 - Level 2.4 Stealth
 * Level 5.1 Spellcasting
 - Level 1.2 Conjurations
   Level 1.1 Summonings
   Level 0.7 Translocations


You had 9 spell levels left.
You knew the following spells:

 Your Spells              Type           Power        Failure   Level  Hunger
a - Magic Dart            Conj           #...         9%          1    N/A

Your spell library contained the following spells:

 Spells                   Type           Power        Failure   Level  Hunger
 Call Imp                 Summ           #.....       14%         2    N/A
 Blink                    Tloc           N/A          17%         2    N/A
 Conjure Flame            Conj/Fire      #.......     34%         3    N/A
 Mephitic Cloud           Conj/Pois/Air  #.......     36%         3    N/A
 Spider Form              Tmut/Pois      Unusable     N/A         3    N/A

Dungeon Overview and Level Annotations

Branches:
Dungeon (1/12)

Altars:


Innate Abilities, Weirdness & Mutations

You do not eat or drink.
You are immune to poison.
Your flesh is cold resistant. (rC+)
Your body sometimes deteriorates upon taking damage.
You are immune to negative energy. (rN+++)
You are immune to unholy pain and torment.
You can survive without breathing.
When hurt, damage is shared between your health and your magic reserves.
Your movements are slightly less encumbered by armour. (ER -2)
Casting spells heals you.


Message History

You hit the jackal.
The jackal is moderately wounded.
The jackal bites you but does no damage.
The jackal bites you.
Casting: Magic Dart (safe; 9% risk of failure)
Confirm with . or Enter, or press ? or * to list all spells.
You don't have enough magic to cast that spell.
You hit the jackal but do no damage.
The jackal is moderately wounded.
The jackal bites you.
* * * LOW HITPOINT WARNING * * *
Your body deteriorates!
You feel clumsy. The jackal closely misses you.
You barely miss the jackal.
The jackal is moderately wounded.
The jackal bites you but does no damage.
You hit the jackal.
The jackal is heavily wounded.
The jackal closely misses you. The jackal bites you.
You die...

..... ####### ...
#.....# ... ##.8.8.##
... #.......# #.#
#8......### #h#
##..###..#<# #h#
#...#S#..#†#
##@#####8..#s#..#.#
##...##.....#w#..#.#
##.....#.#8..#h#..#.#
#.....)..#...#h#..#.#
#.........##..###..#.#
+.........##8..†.....#
#.........##.........#
##.......####.8.8...##
##.....## #.......#


You could see 2 jackals.

Vanquished Creatures
  A leopard gecko (D:1)
  A giant cockroach (D:1)
  2 jackals (D:1)
  A goblin (D:1)
  A kobold (D:1)
6 creatures vanquished.

Notes
Turn   | Place    | Note
-------+----------+-------------------------------------------
     0 | D:1      | Freyura the Skeleton Wizard began the quest for the Orb.
     0 | D:1      | Reached XP level 1. HP: 10/10 MP: 5/5
    73 | D:1      | Noticed a water moccasin
    73 | D:1      | Noticed a black bear
   118 | D:1      | Reached skill level 5 in Spellcasting
   138 | D:1      | Slain by a jackal

Skill      XL: |  1 |
---------------+----+-----
Spellcasting   | 5 |  5.1
Dodging        | |  2.0
Stealth        | |  2.4
Conjurations   | |  1.2
Summonings     | |  1.1
Translocations | |  0.7

Action                   || total
-------------------------++-------
Melee: Staff             ||    23
 Cast: Magic Dart        ||    13
Armor: Robe              ||     5
Dodge: Dodged            ||    23
